AoeStats
← miguelon01

Nomad

508311911Analyzed
4v4 RM · 11d ago on Sep 21, 2026· 45m 47s· 8 players
Game mode
Random Map
Map size
231×231
Population
200
Speed
Normal
Resources
Standard
Victory
Conquest
Starting age
Dark Age
Ending age
Imperial Age
RankedLock teamsTeams togetherTeam positionsShared explorationLock speedFull tech treeHidden civsTurbo modeCheats
Victory
Defeat
🇵🇱 Vietnamese · Poland
1254
+13
🇩🇪 Chinese · Germany
1254
+13
1230
+14
🇺🇸 Huns · United States
1147
+16
🇧🇷 Hindustanis · Brazil
1189
-14
🇲🇽 Ethiopians · Mexico
1180
-15
🇨🇳 Goths · China
1173
-14
🇮🇹 Franks · Italy
1163
-13
Cochiloco2000
5:00 Loom
17:48 Feudal Age
20:22 Town Watch
20:27 Double-Bit Axe
25:10 Wheelbarrow
28:16 Castle Age
27:10 Gold Mining
27:11 Stone Mining
27:35 Fletching
27:46 Padded Archer Armor
28:54 Crossbowman
29:42 Thumb Ring
30:12 Bow Saw
31:30 Medium Warships
32:16 Squires
32:02 Arson
33:20 Ballistics
34:09 Leather Archer Armor
37:05 Masonry
39:42 Bodkin Arrow
39:47 Scale Mail Armor
47:38 Imperial Age
Tikka Masala
12:50 Feudal Age
12:15 Loom
14:06 Fishing Lines
19:54 Castle Age
24:35 Light Cavalry
25:30 Double-Bit Axe
32:26 Fletching
40:23 Imperial Age
37:56 Pikeman
39:11 Town Watch
40:13 Wheelbarrow
42:35 Onager
美团外卖总教练
16:21 Feudal Age
17:44 Wheelbarrow
16:59 Double-Bit Axe
16:56 Horse Collar
17:40 Loom
17:21 Man-at-Arms
24:13 Castle Age
24:46 Scale Mail Armor
24:57 Forging
25:13 Bow Saw
24:27 Pikeman
27:22 Stone Mining
27:23 Gold Mining
30:41 Fletching
35:30 Squires
36:28 Long Swordsman
39:00 Chain Mail Armor
42:46 Iron Casting
43:35 Hand Cart
miguelon01
14:53 Feudal Age
20:20 Castle Age
19:52 Double-Bit Axe
20:22 Gold Mining
21:35 Husbandry
22:14 Loom
24:31 Bloodlines
25:33 Forging
31:00 Scale Barding Armor
33:09 Wheelbarrow
32:24 Light Cavalry
33:23 Horse Collar
34:29 Fletching
40:42 Chain Barding Armor
42:12 Bow Saw
42:03 Heavy Plow
43:18 Gold Shaft Mining
44:57 Iron Casting
47:11 Imperial Age
Starman
4:52 Loom
14:42 Feudal Age
15:46 Fishing Lines
15:54 Double-Bit Axe
22:58 Castle Age
21:31 Town Watch
24:24 Bloodlines
24:15 Husbandry
25:21 Forging
25:17 Scale Barding Armor
27:07 Iron Casting
26:31 Gold Mining
28:41 Wheelbarrow
29:36 Gold Shaft Mining
29:35 Marauders
31:01 Gillnets
33:03 Chain Barding Armor
33:18 Caravan
34:14 Hand Cart
34:57 Horse Collar
35:31 Bow Saw
39:30 Imperial Age
39:10 Clinker Construction
39:37 Elite Tarkan
41:27 Blast Furnace
41:13 Heavy Plow
42:24 Two-Man Saw
41:53 Conscription
43:29 Plate Barding Armor
タタールが村に入った5番
3:52 Loom
13:13 Feudal Age
17:57 Castle Age
16:44 Scale Barding Armor
19:12 Forging
33:00 Bloodlines
43:17 Chain Barding Armor
Bruce Aka Baka
6:06 Loom
13:02 Feudal Age
13:59 Double-Bit Axe
21:37 Castle Age
21:08 Stone Mining
21:25 Gold Mining
22:21 Wheelbarrow
21:28 Horse Collar
22:00 Crossbowman
22:31 Fletching
22:42 Padded Archer Armor
24:03 Padded Archer Armor
23:56 Town Watch
24:57 Heavy Plow
26:40 Hand Cart
29:15 Forging
29:04 Bodkin Arrow
32:45 Ballistics
32:54 Bow Saw
34:07 Leather Archer Armor
38:21 Imperial Age
36:21 Thumb Ring
39:16 Bracer
40:18 Chemistry
40:05 Ring Archer Armor
39:41 Siege Engineers
40:58 Arbalester
43:04 Crop Rotation
El Babol
3:38 Loom
13:58 Feudal Age
18:37 Castle Age
19:26 Thumb Ring
19:26 Fletching
20:18 Double-Bit Axe
21:12 Wheelbarrow
23:28 Crossbowman
24:52 Medium Warships
25:51 Bodkin Arrow
25:57 Padded Archer Armor
28:23 Ballistics
27:58 Murder Holes
29:55 Padded Archer Armor
29:55 Scale Mail Armor
31:13 Leather Archer Armor
34:12 Bow Saw
34:19 Hand Cart
33:50 Town Watch
34:54 Masonry
40:51 Imperial Age
39:27 Great Wall
39:40 Guard Tower
40:00 Thumb Ring
40:12 Chain Mail Armor
40:07 Forging
42:13 Bracer
43:16 Keep
43:44 Chemistry
42:22 Arbalester
Connection lost

Rejoining the realm…

Still unreachable

The connection could not be restored.

Session expired

The server has moved on; the page needs a fresh start.